[Event "ICC tourney 2517 (60 10)"]
[Site "Internet Chess Club"]
[Date "2021.04.17"]
[Round "1"]
[White "MUNDAYAT, Abinav Rajiv:carlsthe1"]
[Black "RAJANISH, ABHINAV:Knightboy123"]
[Result "1-0"]
[ICCResult "Black checkmated"]
[WhiteElo "2124"]
[BlackElo "1596"]
[Opening "Sicilian: Najdorf"]
[ECO "B90"]
[NIC "SI.14"]
[Time "10:02:01"]
[PlyCount "73"]
[TimeControl "3600+10"]

1. e4 c5 2. Nf3 d6 3. d4 cxd4 4. Nxd4 Nf6 5. Nc3 a6 6. Nb3 e5 7. Be2 Be6 8.
O-O Be7 9. Be3 Nbd7 10. f3 O-O 11. Qd2 Rc8 12. Nd5 b5 13. a4 Bxd5 14. exd5
Nb6 15. axb5 axb5 16. Bxb5 Nbxd5 17. c4 Nxe3 18. Qxe3 d5 19. Rfd1 Bc5 20.
Nxc5 Qb6 21. b4 dxc4 22. Ba6 Ra8 23. Qc3 e4 24. fxe4 Nxe4 25. Qxc4 Nxc5 26.
bxc5 Qc6 27. Bb5 Qc7 28. Rxa8 Rxa8 29. c6 h6 30. Qd4 Re8 31. Qd7 Qxd7 32.
cxd7 Rd8 33. Re1 Rxd7 34. Bxd7 f5 35. Bxf5 h5 36. Bg6 Kf8 37. Re8# { Black
checkmated } 1-0

[Event "ICC tourney 2517 (60 10)"]
[Site "Internet Chess Club"]
[Date "2021.04.17"]
[Round "1"]
[White "Shah, Rohail:batmanthechamp"]
[Black "NANUGONDA, VISHVA:Vish1080"]
[Result "0-1"]
[ICCResult "White checkmated"]
[WhiteElo "1465"]
[BlackElo "1832"]
[Opening "Sicilian: Nimzovich-Rossolimo attack (with ...g6, without ...d6)"]
[ECO "B31"]
[NIC "SI.31"]
[Time "10:02:11"]
[PlyCount "80"]
[TimeControl "3600+10"]

1. e4 c5 2. Nf3 Nc6 3. Bb5 g6 4. d4 cxd4 5. Nxd4 Bg7 6. Be3 e6 7. O-O Nge7
8. Nc3 O-O 9. Qd2 f5 10. exf5 gxf5 11. Bc4 d5 12. Bb3 f4 13. Nxc6 fxe3 14.
Nxe7+ Qxe7 15. fxe3 Bd7 16. Kh1 Bc6 17. Rae1 Qg5 18. Qe2 Be5 19. h3 h5 20.
Rf3 d4 21. Bxe6+ Kh7 22. Nd5 Bd6 23. Qd3+ Kh6 24. e4 Qe5 25. Nf4 Rxf4 26.
Qd2 Qg5 27. Qxd4 Rxf3 28. gxf3 Bc5 29. Qc3 Rd8 30. b4 Bd4 31. Qb3 Bf2 32.
Rf1 Rd2 33. Qc3 Bd4 34. Qxd2 Qxd2 35. Bf5 Be5 36. f4 Bxf4 37. Rxf4 Qxf4 38.
Kg1 Qg3+ 39. Kf1 Bb5+ 40. c4 Bxc4# { White checkmated } 0-1

[Event "ICC tourney 2517 (60 10)"]
[Site "Internet Chess Club"]
[Date "2021.04.17"]
[Round "1"]
[White "GOLDEN, RIPLEY:rgolden277"]
[Black "SLOAN, JED:RisingRook"]
[Result "0-1"]
[ICCResult "White checkmated"]
[WhiteElo "1554"]
[BlackElo "1988"]
[Opening "Queen's bishop game"]
[ECO "D02"]
[NIC "QP.06"]
[Time "10:01:51"]
[PlyCount "76"]
[TimeControl "3600+10"]

1. d4 Nf6 2. Nf3 d5 3. Bf4 e6 4. e3 Bd6 5. Bxd6 Qxd6 6. Nbd2 O-O 7. Bd3 c5
8. c3 Nc6 9. O-O e5 10. Bc2 cxd4 11. exd4 e4 12. Ne1 Ng4 13. f4 Ne3 14. Qh5
Nxf1 15. Nxf1 Ne7 16. g3 Nf5 17. Ng2 g6 18. Qe2 Bd7 19. g4 Ne7 20. Nfe3 Kh8
21. Rf1 a6 22. Qe1 f5 23. g5 Bb5 24. Rf2 a5 25. a4 Ba6 26. h4 b5 27. b3
bxa4 28. bxa4 Nc8 29. Qd1 Nb6 30. h5 Rac8 31. hxg6 hxg6 32. Qe1 Kg7 33. Nh4
Qc7 34. Nd1 Rh8 35. Ng2 Rh7 36. Nge3 Rch8 37. Kg2 Rh2+ 38. Kg3 R8h3# {
White checkmated } 0-1

[Event "ICC tourney 2517 (60 10)"]
[Site "Internet Chess Club"]
[Date "2021.04.17"]
[Round "1"]
[White "Shah, Jai K:nyclic"]
[Black "DASARI, SUSHMA REDDY:sushmadasari"]
[Result "0-1"]
[ICCResult "White checkmated"]
[WhiteElo "1384"]
[BlackElo "1716"]
[Opening "Sicilian: Steinitz variation"]
[ECO "B20"]
[NIC "SI.48"]
[Time "10:02:20"]
[PlyCount "88"]
[TimeControl "3600+10"]

1. e4 c5 2. g3 Nc6 3. Bg2 e6 4. d3 Nf6 5. Nf3 Be7 6. O-O d5 7. e5 Nd7 8.
Re1 O-O 9. Bf4 h6 10. Bd2 Qc7 11. Qe2 b6 12. h4 Bb7 13. Bf4 Rad8 14. Nbd2
Rfe8 15. Nf1 Nf8 16. N1h2 Ng6 17. Kh1 Nxf4 18. gxf4 Rc8 19. h5 b5 20. Rg1
a5 21. Bh3 d4 22. Rg2 Kh8 23. Rag1 Bf8 24. Ng4 Ne7 25. Kh2 Red8 26. Rg3 Nf5
27. R3g2 c4 28. Ne1 Bxg2 29. Bxg2 Bc5 30. Be4 Qe7 31. Ng2 Bb6 32. f3 Qb4
33. Bxf5 exf5 34. e6 fxg4 35. exf7 gxf3 36. Qe5 fxg2 37. Rxg2 Qf8 38. Rg6
Qxf7 39. Rxh6+ Kg8 40. Rxb6 cxd3 41. h6 dxc2 42. Rg6 Qxg6 43. hxg7 c1=Q 44.
f5 Qch6# { White checkmated } 0-1

[Event "ICC tourney 2517 (60 10)"]
[Site "Internet Chess Club"]
[Date "2021.04.17"]
[Round "1"]
[White "PUPPALLA, PRANAY:checkmate1823"]
[Black "HUANG, JASON:Chesssmolbrain"]
[Result "0-1"]
[ICCResult "White forfeits on time"]
[WhiteElo "1703"]
[BlackElo "1361"]
[Opening "Queen's pawn, Mason variation"]
[ECO "D00"]
[NIC "QP.08"]
[Time "10:02:13"]
[PlyCount "62"]
[TimeControl "3600+10"]

1. d4 d5 2. Bf4 Nf6 3. e3 Bf5 4. c4 e6 5. Nc3 c6 6. Nf3 Bd6 7. Bxd6 Qxd6 8.
c5 Qe7 9. b4 Nbd7 10. Be2 O-O 11. O-O Ne4 12. Nxe4 Bxe4 13. a4 a6 14. Nd2
Bg6 15. Nb3 Nf6 16. b5 Ne4 17. Qe1 Rfe8 18. Na5 Qc7 19. Qb4 e5 20. Rfe1
exd4 21. exd4 Nf6 22. bxc6 bxc6 23. Qb6 Qf4 24. Nxc6 Bd3 25. Bxd3 Ng4 26.
Ne5 Qxh2+ 27. Kf1 Nxe5 28. dxe5 Qh1+ 29. Ke2 Qxg2 30. Qb2 Rab8 31. Qd4 f6 {
White forfeits on time } 0-1

[Event "ICC tourney 2517 (60 10)"]
[Site "Internet Chess Club"]
[Date "2021.04.17"]
[Round "1"]
[White "BURTON, HENRY:HPenguin"]
[Black "Lee, Noah:noahl08"]
[Result "0-1"]
[ICCResult "White checkmated"]
[WhiteElo "1828"]
[BlackElo "1454"]
[Opening "Caro-Kann: Tartakower (fantasy) variation"]
[ECO "B12"]
[NIC "CK.02"]
[Time "10:02:05"]
[PlyCount "90"]
[TimeControl "3600+10"]

1. e4 c6 2. d4 d5 3. f3 dxe4 4. fxe4 e5 5. Nf3 exd4 6. Bc4 Bc5 7. Ng5 Nh6
8. Qf3 Rf8 9. Nxh7 Bg4 10. Qd3 Rh8 11. Ng5 Nd7 12. Bf4 Qe7 13. Rf1 f6 14.
Nf3 Ne5 15. Nxe5 fxe5 16. Bxh6 gxh6 17. Bf7+ Kd8 18. h3 Qh4+ 19. g3 Qxh3
20. Nd2 Kc7 21. Bg6 Rhf8 22. Bf5 Rxf5 23. exf5 Rf8 24. f6 h5 25. Ne4 Bb4+
26. c3 dxc3 27. bxc3 Rd8 28. Qe3 Ba5 29. f7 Bb6 30. Nc5 Bxc5 31. Qxe5+ Bd6
32. Qa5+ Kc8 33. Qxd8+ Kxd8 34. f8=Q+ Bxf8 35. Rxf8+ Kc7 36. Rf7+ Bd7 37.
Rd1 Qe6+ 38. Kd2 Qxf7 39. Rh1 Qd5+ 40. Kc2 Qxh1 41. c4 Bf5+ 42. Kb3 a5 43.
Ka3 Qf3+ 44. Ka4 b6 45. c5 Bc2# { White checkmated } 0-1

[Event "ICC tourney 2517 (60 10)"]
[Site "Internet Chess Club"]
[Date "2021.04.17"]
[Round "1"]
[White "DINGLASAN, MATTHEW S:jedimastermatt"]
[Black "GAW, CHLOE:HarleyQueen8"]
[Result "0-1"]
[ICCResult "White checkmated"]
[WhiteElo "1547"]
[BlackElo "1905"]
[Opening "Queen's pawn game, Krause variation"]
[ECO "D02"]
[NIC "QP.08"]
[Time "10:02:17"]
[PlyCount "146"]
[TimeControl "3600+10"]

1. d4 d5 2. Nf3 c5 3. c3 Nc6 4. Bf4 Nf6 5. e3 Bg4 6. Be2 e6 7. Nbd2 Be7 8.
O-O O-O 9. h3 Bh5 10. Ne5 Bxe2 11. Qxe2 Nd7 12. Ndf3 Ndxe5 13. Nxe5 Bd6 14.
Nxc6 bxc6 15. Bxd6 Qxd6 16. f4 Rab8 17. Rf3 Rb7 18. b3 a5 19. Rb1 Rfb8 20.
Qc2 c4 21. Rff1 cxb3 22. Rxb3 Rxb3 23. axb3 c5 24. Qa2 Qb6 25. Rb1 cxd4 26.
exd4 Qc7 27. Qd2 a4 28. b4 a3 29. g3 g6 30. Ra1 Ra8 31. Qc1 Qa7 32. b5 Qa5
33. Kf2 Kf8 34. b6 Qxb6 35. Rxa3 Rc8 36. Qc2 Qxd4+ 37. cxd4 Rxc2+ 38. Kf3
Kg7 39. g4 Rd2 40. Ra4 Rd3+ 41. Kg2 Kf6 42. h4 h5 43. gxh5 gxh5 44. Ra8
Rxd4 45. Rh8 Rxf4 46. Rxh5 Rg4+ 47. Kf3 Re4 48. Rh6+ Kg7 49. Rh5 f6 50. Kf2
Re5 51. Rxe5 fxe5 52. Kf3 e4+ 53. Kf4 e5+ 54. Ke3 Kg6 55. Kf2 d4 56. Ke2
d3+ 57. Kd2 Kh5 58. Ke3 Kxh4 59. Kd2 Kg3 60. Ke3 Kg2 61. Kd2 Kf2 62. Kd1 e3
63. Kc1 e2 64. Kb2 e1=Q 65. Kb3 Qb1+ 66. Kc4 Qc2+ 67. Kd5 d2 68. Kxe5 d1=Q
69. Kf4 Qd4+ 70. Kg5 Qcc5+ 71. Kg6 Qdd6+ 72. Kg7 Qcc7+ 73. Kg8 Qdd8# {
White checkmated } 0-1

[Event "ICC tourney 2517 (60 10)"]
[Site "Internet Chess Club"]
[Date "2021.04.17"]
[Round "1"]
[White "ZHUGE, KATHERINE:FlowingMelody"]
[Black "POWERS, COLDEN REED:TheChessKid90"]
[Result "1-0"]
[ICCResult "Black resigns"]
[WhiteElo "1428"]
[BlackElo "1820"]
[Opening "Caro-Kann: classical, Spassky variation"]
[ECO "B19"]
[NIC "CK.12"]
[Time "10:01:54"]
[PlyCount "97"]
[TimeControl "3600+10"]

1. e4 c6 2. d4 d5 3. Nc3 dxe4 4. Nxe4 Bf5 5. Ng3 Bg6 6. h4 h6 7. Nf3 Nd7 8.
h5 Bh7 9. Bd3 Bxd3 10. Qxd3 Ngf6 11. Bd2 e6 12. O-O-O Qc7 13. Rde1 Bd6 14.
Nf5 Bf4 15. Bxf4 Qxf4+ 16. Kb1 O-O-O 17. Ne3 Qe4 18. Qxe4 Nxe4 19. Nc4 Ndf6
20. Re2 Rd5 21. Rhe1 Ng5 22. Re5 Nxf3 23. gxf3 Rxd4 24. b3 Rhd8 25. Kb2 Rh4
26. Rg1 Nxh5 27. Ne3 g6 28. Ng4 Nf4 29. Re4 Nd5 30. Ne5 Rxe4 31. fxe4 Nf6
32. Nxf7 Rd7 33. Nxh6 Nxe4 34. Rxg6 e5 35. Re6 Rd5 36. Ng4 Kd7 37. Rxe5
Rxe5 38. Nxe5+ Ke6 39. Nd3 b5 40. c4 a5 41. a4 b4 42. f3 Nd2 43. f4 Kf5 44.
Ne5 Kxf4 45. Nxc6 Ke4 46. Nxa5 Kd4 47. Nc6+ Kc5 48. Ne5 Ne4 49. Nd3+ {
Black resigns } 1-0

[Event "ICC tourney 2517 (60 10)"]
[Site "Internet Chess Club"]
[Date "2021.04.17"]
[Round "1"]
[White "Chin, Spencer:Baseballchamp"]
[Black "CHANDI, ISHNOOR SINGH:Ishnoor"]
[Result "1-0"]
[ICCResult "Black checkmated"]
[WhiteElo "1913"]
[BlackElo "1545"]
[Opening "French: Tarrasch, closed variation"]
[ECO "C05"]
[NIC "FR.16"]
[Time "10:02:13"]
[PlyCount "139"]
[TimeControl "3600+10"]

1. e4 e6 2. d4 d5 3. Nd2 Nf6 4. e5 Nfd7 5. f4 c5 6. Ngf3 cxd4 7. Nxd4 Nc6
8. N2f3 Bc5 9. c3 O-O 10. Be3 Qb6 11. Qc2 f6 12. exf6 Nxf6 13. Bd3 Nxd4 14.
Nxd4 e5 15. fxe5 Ne4 16. O-O-O Qc7 17. Bxe4 dxe4 18. Qxe4 Qf7 19. Nb3 Bf5
20. Qf3 Bxe3+ 21. Qxe3 a5 22. Rhf1 Qg6 23. Nd4 Bb1 24. Qg3 Qxg3 25. hxg3
Bxa2 26. Rf4 g5 27. Rf5 Rxf5 28. Nxf5 Re8 29. Re1 Bd5 30. Nd6 Re6 31. Re2
Kg7 32. Kd2 h5 33. Kd3 Kg6 34. Kd4 Bc6 35. Rf2 h4 36. g4 a4 37. Ne4 b5 38.
Nc5 Re8 39. Rf6+ Kg7 40. Rxc6 Rd8+ 41. Rd6 a3 42. bxa3 Ra8 43. Ra6 Rd8+ 44.
Ke3 Rd1 45. Ne6+ Kg8 46. Rb6 Re1+ 47. Kd4 Rd1+ 48. Ke4 Re1+ 49. Kf5 Re2 50.
Kxg5 Rxg2 51. Kxh4 b4 52. axb4 Kh8 53. Rb7 Kg8 54. b5 Rb2 55. b6 Rb1 56. c4
Rc1 57. c5 Rc2 58. Rc7 Rb2 59. b7 Kh8 60. Rc8+ Kh7 61. b8=Q Rxb8 62. Rxb8
Kg6 63. c6 Kf7 64. c7 Kxe6 65. c8=Q+ Kd5 66. Qd7+ Ke4 67. Rb4+ Kf3 68. Qd3+
Kf2 69. Rb2+ Ke1 70. Qb1# { Black checkmated } 1-0

[Event "ICC tourney 2517 (60 10)"]
[Site "Internet Chess Club"]
[Date "2021.04.17"]
[Round "1"]
[White "CHASIN, NICO WERNER:nicochasin"]
[Black "NAKADA, JOHJI DAVID:turtlemasterjo"]
[Result "1-0"]
[ICCResult "Black resigns"]
[WhiteElo "2417"]
[BlackElo "1624"]
[Opening "Caro-Kann: closed (Breyer) variation"]
[ECO "B10"]
[NIC "CK.01"]
[Time "10:02:43"]
[PlyCount "75"]
[TimeControl "3600+10"]

1. e4 c6 2. d3 d5 3. Nd2 dxe4 4. dxe4 e5 5. Ngf3 Bg4 6. h3 Bxf3 7. Qxf3 Nf6
8. c3 Nbd7 9. g4 h6 10. Bc4 Nc5 11. b4 Ncd7 12. a3 a5 13. Ba2 axb4 14. axb4
Bd6 15. h4 Qe7 16. g5 hxg5 17. hxg5 Nh7 18. Bxf7+ Qxf7 19. Rxa8+ Bb8 20.
Qg4 O-O 21. g6 Qxf2+ 22. Kd1 Ndf6 23. Qe6+ Kh8 24. Kc2 Qg2 25. Rxh7+ Nxh7
26. gxh7 Kxh7 27. Qe7 Qf2 28. Qxb7 Bd6 29. Rxf8 Bxf8 30. Qxc6 g5 31. b5 g4
32. Qd7+ Kh6 33. Qxg4 Qc5 34. Nb3+ Kh7 35. Nxc5 Bxc5 36. Qf5+ Kh8 37. Qxe5+
Kg8 38. Qxc5 { Black resigns } 1-0

[Event "ICC tourney 2517 (60 10)"]
[Site "Internet Chess Club"]
[Date "2021.04.17"]
[Round "1"]
[White "REDDY, TANVI CHINTHAGUNTA:tcrgm"]
[Black "OH, JAMES Y:lemon365"]
[Result "0-1"]
[ICCResult "White checkmated"]
[WhiteElo "1564"]
[BlackElo "2023"]
[Opening "Sicilian: Taimanov (Bastrikov) variation"]
[ECO "B47"]
[NIC "SI.40"]
[Time "10:01:53"]
[PlyCount "128"]
[TimeControl "3600+10"]

1. e4 c5 2. Nf3 e6 3. d4 cxd4 4. Nxd4 Nc6 5. Nc3 Qc7 6. Nb3 a6 7. Be3 b5 8.
Qd2 Nf6 9. Bd3 Ne5 10. Bf4 d6 11. Bxe5 dxe5 12. O-O Bb7 13. Rfe1 Rd8 14.
Qe3 g6 15. a3 Nd7 16. Rad1 Bg7 17. Be2 O-O 18. Bg4 f5 19. Bh3 Kh8 20. exf5
exf5 21. Rd2 Nb6 22. Rxd8 Rxd8 23. Qg5 Nc4 24. Nc5 Bc8 25. Nd3 Re8 26. Nd5
Qd6 27. N5f4 Bd7 28. b3 Nxa3 29. Nxg6+ Qxg6 30. Qxg6 hxg6 31. c3 e4 32. Nc5
Bxc3 33. Rc1 Bb2 34. Rd1 Be6 35. Nxe6 Rxe6 36. Rd8+ Kg7 37. g3 Nc2 38. Rd2
Rc6 39. Bf1 Bc1 40. Rd7+ Kh6 41. Be2 Bb2 42. Rd2 Bf6 43. Kg2 Nd4 44. Bd1 b4
45. Ra2 Rc1 46. Rxa6 Bg7 47. Bh5 Kxh5 48. h3 Nxb3 49. g4+ fxg4 50. hxg4+
Kh6 51. Kg3 Be5+ 52. Kg2 Nd4 53. g5+ Kxg5 54. Ra5 Kf5 55. f4 exf3+ 56. Kf2
Rc2+ 57. Ke3 f2 58. Rb5 f1=Q 59. Rxe5+ Kf6 60. Kxd4 Qc4+ 61. Ke3 Kxe5 62.
Kf3 Rc3+ 63. Kf2 Qa2+ 64. Kg1 Rc1# { White checkmated } 0-1

[Event "ICC tourney 2517 (60 10)"]
[Site "Internet Chess Club"]
[Date "2021.04.17"]
[Round "1"]
[White "GILLSTON, NOAH:Noahchess328"]
[Black "WANG, ELLEN:SkyAngel"]
[Result "0-1"]
[ICCResult "White resigns"]
[WhiteElo "1604"]
[BlackElo "2168"]
[Opening "Caro-Kann: advance variation"]
[ECO "B12"]
[NIC "CK.02"]
[Time "10:02:03"]
[PlyCount "80"]
[TimeControl "3600+10"]

1. e4 c6 2. d4 d5 3. e5 c5 4. dxc5 e6 5. Be3 Nd7 6. Nf3 Bxc5 7. Bxc5 Nxc5
8. Nc3 Ne7 9. Qd4 Nd7 10. Bd3 Qb6 11. Qxb6 Nxb6 12. Nb5 O-O 13. Nc7 Rb8 14.
Nb5 Nc6 15. O-O-O Bd7 16. Nbd4 Rfc8 17. Nxc6 bxc6 18. b3 c5 19. Nd2 a5 20.
c4 d4 21. Ne4 Bc6 22. Nd6 Rc7 23. Be4 Bd7 24. f4 Ra7 25. Kc2 a4 26. Ra1 Na8
27. Bxa8 Rbxa8 28. Rab1 Bc6 29. Rhg1 axb3+ 30. axb3 Ra2+ 31. Rb2 f6 32. g3
Bf3 33. Rb1 Bh5 34. Kd3 fxe5 35. fxe5 Bg6+ 36. Ne4 Rxb2 37. Rxb2 Rf8 38.
Re2 Rf3+ 39. Kd2 Bxe4 40. Rxe4 Rxb3 { White resigns } 0-1

[Event "ICC tourney 2517 (60 10)"]
[Site "Internet Chess Club"]
[Date "2021.04.17"]
[Round "1"]
[White "BAILEY, AIDEN:upcomingmaster"]
[Black "BUCHANAN, ROYAL:Royalegod"]
[Result "0-1"]
[ICCResult "White resigns"]
[WhiteElo "1549"]
[BlackElo "1922"]
[Opening "Queen's pawn game"]
[ECO "D00"]
[NIC "QP.07"]
[Time "10:02:10"]
[PlyCount "118"]
[TimeControl "3600+10"]

1. d4 Nf6 2. Nc3 d5 3. Bf4 g6 4. Nf3 Bg7 5. e3 b6 6. Be2 Bb7 7. O-O O-O 8.
Nb5 Na6 9. c4 c6 10. Nc3 Nc7 11. Rc1 Ne6 12. Bg3 Rc8 13. Qd2 c5 14. cxd5
Nxd5 15. Rfd1 cxd4 16. exd4 a6 17. a3 b5 18. Ne5 Nec7 19. Bf3 e6 20. Ne2
Qe7 21. Nc6 Qe8 22. Na5 Ba8 23. Nb3 Qe7 24. Rc2 Nb6 25. Bxa8 Ncxa8 26. Na5
Nc4 27. Nxc4 bxc4 28. Rdc1 Nb6 29. Qa5 Qb7 30. Bd6 Rfd8 31. Bc5 Nd7 32.
Rxc4 Nxc5 33. Rxc5 Rb8 34. b4 Bxd4 35. Nxd4 Rxd4 36. Rc7 Rbd8 37. h3 Qb5
38. Qxb5 axb5 39. R7c5 R8d5 40. Rxd5 Rxd5 41. Kf1 Kg7 42. Ke2 Kf6 43. Rc5
Rxc5 44. bxc5 Ke5 45. c6 Kd6 46. c7 Kxc7 47. Kd3 Kc6 48. Kd4 f6 49. f4 Kd6
50. h4 h5 51. g3 Kc6 52. Kc3 Kc5 53. Kd3 Kd5 54. Kc3 e5 55. Kd3 e4+ 56. Kc3
f5 57. Kd2 Kd4 58. Ke2 Kc3 59. Ke3 Kb3 { White resigns } 0-1

[Event "ICC tourney 2517 (60 10)"]
[Site "Internet Chess Club"]
[Date "2021.04.17"]
[Round "1"]
[White "MERCHANT, AENEAS:Aeneas"]
[Black "CAO, KAYLEE:K624"]
[Result "1-0"]
[ICCResult "Black checkmated"]
[WhiteElo "1685"]
[BlackElo "1299"]
[Opening "French: exchange variation"]
[ECO "C01"]
[NIC "FR.01"]
[Time "10:02:07"]
[PlyCount "163"]
[TimeControl "3600+10"]

1. e4 e6 2. d4 d5 3. exd5 exd5 4. Bd3 Nf6 5. h3 Nc6 6. c3 Be6 7. Nf3 Bd6 8.
Bg5 h6 9. Bxf6 Qxf6 10. O-O Qe7 11. Re1 O-O-O 12. Nbd2 Qd7 13. Qe2 g5 14.
Qf1 g4 15. hxg4 Bxg4 16. Bb5 h5 17. Ne5 Bxe5 18. Rxe5 a6 19. Bxc6 Qxc6 20.
Rae1 Qg6 21. R5e3 Bf5 22. Rg3 Qh7 23. f4 h4 24. Rge3 Rhg8 25. Kf2 Qg6 26.
Qg1 Qg4 27. Qh2 Rh8 28. b3 h3 29. g3 c6 30. a4 Bc2 31. R1e2 Bf5 32. Re1 Bd7
33. Nf3 f6 34. Nh4 Rde8 35. Rxe8+ Bxe8 36. Nf3 Bd7 37. Nd2 Rg8 38. Nf1 Qg6
39. Rc1 Re8 40. Kg1 Qg4 41. Rc2 Bf5 42. Rd2 Bd7 43. Qf2 Qh5 44. Kh2 Bg4 45.
Ne3 Bd7 46. b4 Kc7 47. Nc2 Bg4 48. Ne3 Bd7 49. Nc2 Kb6 50. Ne3 Ka7 51. Nc2
b6 52. Ne3 Kb7 53. Nf1 Qg6 54. Ne3 Qg8 55. Qf3 Qg6 56. f5 Qg5 57. Re2 Rh8
58. g4 Qh4 59. Nc2 Rg8 60. Ne3 Rh8 61. Rd2 Qg5 62. Rd1 Qg7 63. Nc2 Qe7 64.
Re1 Qd6+ 65. Qg3 Qf8 66. Qf4 b5 67. a5 Rh4 68. Re3 Bxf5 69. Qxf5 Qd6+ 70.
Rg3 Kc7 71. Ne3 Kb7 72. Qf3 Ka7 73. Nf5 Qc7 74. Nxh4 Kb7 75. Kxh3 Ka7 76.
Qxf6 Kb7 77. g5 Qd7+ 78. Nf5 Qh7+ 79. Kg4 Qg8 80. Qe7+ Kc8 81. Nd6+ Kb8 82.
Qb7# { Black checkmated } 1-0

[Event "ICC tourney 2517 (60 10)"]
[Site "Internet Chess Club"]
[Date "2021.04.17"]
[Round "1"]
[White "MYSORE, ABHINAV NAVEEN:Mapking1"]
[Black "VIKAS, HEMA:madscience08"]
[Result "1-0"]
[ICCResult "Black resigns"]
[WhiteElo "1999"]
[BlackElo "1562"]
[Opening "Sicilian: Najdorf, Byrne (English) attack"]
[ECO "B90"]
[NIC "SI.14"]
[Time "10:02:10"]
[PlyCount "153"]
[TimeControl "3600+10"]

1. e4 c5 2. Nf3 d6 3. d4 cxd4 4. Nxd4 Nf6 5. Nc3 a6 6. Be3 e5 7. Nb3 Be7 8.
f3 O-O 9. Qd2 Be6 10. O-O-O Qc7 11. g4 b5 12. Kb1 Rc8 13. h4 b4 14. Nd5
Nxd5 15. exd5 Bd7 16. Bd3 a5 17. Nc1 Na6 18. h5 a4 19. Be4 Nc5 20. Bf5 Bxf5
21. gxf5 b3 22. Bxc5 Qxc5 23. cxb3 axb3 24. Nxb3 Qa7 25. a3 Qb7 26. Na5 Qb5
27. Nc6 Bf6 28. Qb4 Qxb4 29. axb4 Ra4 30. Rd3 Rca8 31. Kc2 Ra2 32. Rb3 Rc8
33. Ra3 Ra8 34. Kb3 R2xa3+ 35. bxa3 g6 36. fxg6 fxg6 37. h6 Rf8 38. a4 Bg5
39. Rh3 Bd2 40. b5 Be3 41. a5 Rf7 42. b6 Rb7 43. Kc4 Bxb6 44. axb6 Rxb6 45.
Nb4 Kf7 46. Nc2 Kf6 47. Na3 Ra6 48. Nb5 Ra4+ 49. Kb3 Ra5 50. Kb4 Ra6 51.
Nc7 Ra7 52. Ne6 Ra1 53. Nf8 Ra7 54. Kb5 g5 55. Kb6 Rf7 56. Ne6 Rd7 57. Kc6
Ra7 58. Kxd6 Ra3 59. Rg3 e4 60. Nxg5 e3 61. Nxh7+ Kf5 62. Nf8 e2 63. Rg1
Ra6+ 64. Ke7 Rxh6 65. Re1 Ke5 66. d6 Kf4 67. Rxe2 Kxf3 68. Rd2 Rh4 69. d7
Re4+ 70. Ne6 Rh4 71. d8=Q Rh7+ 72. Ke8 Rh8+ 73. Nf8 Rh5 74. Qd3+ Kf4 75.
Rf2+ Kg4 76. Qe4+ Kh3 77. Qg2+ { Black resigns } 1-0

[Event "ICC tourney 2517 (60 10)"]
[Site "Internet Chess Club"]
[Date "2021.04.17"]
[Round "1"]
[White "Awad, Rania:raawad"]
[Black "Ho, Jasper:coolhacker1234"]
[Result "0-1"]
[ICCResult "White checkmated"]
[WhiteElo "1409"]
[BlackElo "1741"]
[Opening "QGD semi-Slav: Meran variation"]
[ECO "D47"]
[NIC "SL.09"]
[Time "10:01:53"]
[PlyCount "130"]
[TimeControl "3600+10"]

1. d4 d5 2. c4 c6 3. e3 Nf6 4. Nc3 e6 5. Nf3 Nbd7 6. Bd3 dxc4 7. Bxc4 b5 8.
Bd3 Bd6 9. O-O O-O 10. Bd2 Bb7 11. Rc1 a6 12. Ne4 Nxe4 13. Bxe4 Rc8 14. a3
Nf6 15. Bd3 c5 16. dxc5 Bxc5 17. Be2 Qe7 18. Bc3 Rfd8 19. Qc2 Nd5 20. Kh1
Bxa3 21. Qb1 Nxc3 22. Rxc3 Rxc3 23. bxc3 Rc8 24. Qa1 Qc5 25. Rd1 Qe7 26. h3
Bd6 27. Rc1 Qf6 28. Rd1 e5 29. Qa5 e4 30. Nd4 Bc7 31. Qb4 Qxf2 32. Qe7 Qg3
33. Kg1 Qxe3+ 34. Kh1 Qg3 35. Kg1 e3 36. Bf3 Qh2+ 37. Kf1 Bxf3 38. Nxf3
Qh1+ 39. Ng1 e2+ 40. Qxe2 Bb6 41. Ke1 Qxg1+ 42. Kd2 Rd8+ 43. Kc2 Qxd1+ 44.
Qxd1 Rxd1 45. Kxd1 f5 46. Ke2 Kf7 47. Kf3 Kf6 48. Kf4 g5+ 49. Kf3 Ke5 50.
Ke2 Ke4 51. Kd2 h5 52. Ke2 g4 53. hxg4 hxg4 54. Kd2 f4 55. Ke2 f3+ 56.
gxf3+ gxf3+ 57. Kf1 f2 58. c4 bxc4 59. Ke2 c3 60. Kf1 c2 61. Ke2 f1=Q+ 62.
Kxf1 c1=Q+ 63. Kg2 Qg1+ 64. Kh3 Kf4 65. Kh4 Qh1# { White checkmated } 0-1

[Event "ICC tourney 2517 (60 10)"]
[Site "Internet Chess Club"]
[Date "2021.04.17"]
[Round "1"]
[White "LESCHINSKY, GARY:GLeschinsky"]
[Black "PICHUGOV, ANDREY:AcridLeaf"]
[Result "1-0"]
[ICCResult "Black resigns"]
[WhiteElo "2090"]
[BlackElo "1585"]
[Opening "QGD semi-Slav: 5.e3"]
[ECO "D45"]
[NIC "SL.08"]
[Time "10:02:12"]
[PlyCount "159"]
[TimeControl "3600+10"]

1. d4 d5 2. c4 c6 3. Nc3 Nf6 4. e3 e6 5. Nf3 Be7 6. Bd3 O-O 7. O-O Nbd7 8.
b3 b6 9. Bb2 Bb7 10. Qe2 c5 11. cxd5 Nxd5 12. Nxd5 exd5 13. Rfd1 Bf6 14.
Rac1 Rc8 15. dxc5 bxc5 16. Bf5 Bxb2 17. Qxb2 Rc7 18. Qa3 d4 19. Bxd7 Bxf3
20. gxf3 Rxd7 21. e4 Qg5+ 22. Kh1 Qh5 23. Rd3 Rc8 24. Qa6 Rdc7 25. Qd6 Rc6
26. Qd5 Qh3 27. Rg1 Rg6 28. Qe5 a5 29. Qf4 Rcc6 30. Rdd1 Rgf6 31. Qg3 Qxg3
32. Rxg3 Kf8 33. Rd3 g6 34. Rg1 Ke7 35. Rc1 Rfd6 36. Kg1 a4 37. Rc4 axb3
38. axb3 Ke6 39. f4 f6 40. Kg2 g5 41. Kf3 Kd7 42. Kg4 h6 43. b4 cxb4 44.
Rxb4 Rc2 45. Rbxd4 Rxd4 46. Rxd4+ Ke6 47. Kg3 gxf4+ 48. Kf3 Rc3+ 49. Kxf4
Rh3 50. Ra4 Rxh2 51. Ra6+ Kf7 52. f3 Rg2 53. Ra7+ Kg6 54. Ra8 Kg7 55. Kf5
Rg5+ 56. Ke6 Re5+ 57. Kd6 h5 58. Ra4 h4 59. f4 Rh5 60. e5 fxe5 61. fxe5 h3
62. Rg4+ Kf8 63. e6 Rh7 64. Rf4+ Ke8 65. Ra4 Kf8 66. Ra8+ Kg7 67. e7 h2 68.
e8=Q h1=Q 69. Ra7+ Kh6 70. Qf8+ Kg5 71. Qg8+ Kf6 72. Qxh7 Qd1+ 73. Kc5 Qc1+
74. Kb6 Qb2+ 75. Ka6 Qa3+ 76. Kb7 Qb4+ 77. Kc6 Qc4+ 78. Kd7 Qd5+ 79. Ke8
Qe6+ 80. Qe7+ { Black resigns } 1-0

[Event "ICC tourney 2517 (60 10)"]
[Site "Internet Chess Club"]
[Date "2021.04.17"]
[Round "1"]
[White "LANCMAN, KYLE B:Kyle2007"]
[Black "Kashyap, Mahati B:mnm1"]
[Result "1-0"]
[ICCResult "Black checkmated"]
[WhiteElo "2049"]
[BlackElo "1580"]
[Opening "Sicilian: Prins (Moscow) variation"]
[ECO "B55"]
[NIC "SI.01"]
[Time "10:02:04"]
[PlyCount "87"]
[TimeControl "3600+10"]

1. e4 c5 2. Nf3 d6 3. d4 cxd4 4. Nxd4 Nf6 5. f3 Nc6 6. c4 e6 7. Nc3 Be7 8.
Be3 Qb6 9. Qd2 Nxd4 10. Bxd4 Qc7 11. Be2 O-O 12. O-O b6 13. Rfd1 Rd8 14.
Rac1 Bb7 15. Kh1 Rac8 16. b3 Qb8 17. a4 Nd7 18. Rb1 a5 19. Qe3 Bc6 20. Qf2
Bf6 21. Bxf6 Nxf6 22. Qd4 d5 23. cxd5 exd5 24. e5 Ne8 25. f4 Nc7 26. f5 b5
27. Bg4 b4 28. Ne2 Ne8 29. Nf4 f6 30. e6 Qe5 31. Rb2 Bb7 32. Rbd2 Rc3 33.
Qxe5 fxe5 34. Nxd5 Rxb3 35. Ne7+ Kf8 36. Rxd8 Bxg2+ 37. Kxg2 Kxe7 38. R1d7+
Kf6 39. Rxe8 Rb2+ 40. Kg3 b3 41. h4 e4 42. Kf4 Rf2+ 43. Kxe4 b2 44. Rf7# {
Black checkmated } 1-0